 Dungeon Crawl Stone Soup version 0.17-a0-484-g0e03f6a (webtiles) character file.

1010 Ololoev the Poker (level 7, -5/50 HPs)
             Began as a Demigod Wanderer on Apr 10, 2015.
             Slain by an orc warrior
             ... wielding a +0 long sword
              (10 damage)
             ... on level 6 of the Dungeon.
             The game lasted 00:29:03 (6652 turns).

Ololoev the Poker (Demigod Wanderer)                Turns: 6652, Time: 00:29:03

Health: -5/50      AC:  5    Str: 15    XL:     7   Next: 69%
Magic:  7/14       EV: 16    Int: 22    God:
Gold:   240        SH:  0    Dex: 18    Spells: 3 memorised, 7 levels left

rFire  + . .     SeeInvis .     t - +3 trident (venom)
rCold  . . .     Clarity  .     d - +0 robe
rNeg   . . .     SustAb   +     (no shield)
rPois  .         Gourm    .     q - +0 helmet
rElec  .         Spirit   .     i - +0 cloak
rCorr  .         Warding  .     r - +0 pair of gloves
rMut   .         Stasis   .     (no boots)
MR     .....                    (no amulet)
Stlth  ++++......               B - ring of protection from fire
                                y - ring of stealth

@: agile, not resistant to hostile enchantments, stealthy
A: high mp 1, sustain abilities
a: no special abilities


Innate Abilities, Weirdness & Mutations

You have an increased reservoir of magic (+10% MP).
Your attributes are resistant to harm.

Inventory:

Hand weapons
 t - a +3 trident of venom (weapon)
Armour
 d - a +0 robe (worn)
 i - a +0 cloak (worn)
 q - a +0 helmet (worn)
 r - a +0 pair of gloves (worn)
Jewellery
 y - a ring of stealth (left hand)
 B - a ring of protection from fire (right hand)
Magical devices
 c - a wand of random effects (15)
Scrolls
 e - a scroll of teleportation {unknown}
 g - a scroll of blinking {unknown}
 j - a scroll of magic mapping
 k - a scroll of fear
 l - a scroll of fog {unknown}
 n - 2 scrolls of remove curse
 o - a scroll of amnesia {unknown}
 p - a scroll of enchant armour {unknown}
 s - a scroll of noise {unknown}
Potions
 h - a potion of agility
 m - a potion of ambrosia
 u - a potion of restore abilities {unknown}
 v - a potion of brilliance {unknown}
 z - a potion of heal wounds {unknown}
Books
 a - a book of Spatial Translocations

   Spells                             Type                      Level
   a - Apportation                    Translocation                1
   b - Blink                          Translocation                2
   c - Shroud of Golubria             Charms/Translocation         2
   d - Portal Projectile              Translocation                3
   e - Teleport Other                 Translocation                3
   f - Passage of Golubria            Translocation                4
Comestibles
 b - a slice of pizza
 f - 2 bread rations
 w - 2 meat rations
 A - a beef jerky


   Skills:
 * Level 5.0 Polearms
 - Level 0.1 Dodging
 - Level 1.0 Stealth
 - Level 2.6 Spellcasting
 + Level 4.1 Conjurations
 - Level 3.0 Translocations
   Level 2.6 Transmutations
 + Level 3.9 Air Magic
 - Level 1.0 Evocations


You had 7 spell levels left.
You knew the following spells:

 Your Spells              Type           Power        Failure   Level  Hunger
a - Shock                 Conj/Air       ###.         2%          1    None
b - Apportation           Tloc           ###.......   4%          1    None
c - Blink                 Tloc           N/A          8%          2    ##.....


You were on level 6 of the Dungeon.
You were not hungry.

You visited 1 branch of the dungeon, and saw 6 of its levels.

You collected 240 gold pieces.

#......#....#
##..........#
#.)...<.!...##
##....)##.....#
#.....###....##
#.....###...##
#......##...##
.........).#o..#
#..####....@..##
...# ##......#
.. ###....#
......#
.....##..
....... #..
...##... . ..
..... ≈≈.

Notes
Turn   | Place    | Note
--------------------------------------------------------------
     0 | D:1      | Ololoev, the Demigod Wanderer, began the quest for the Orb.
     0 | D:1      | Ololoev set off with: a book of Spatial Translocations, the Tome of Weightlessness, a wand of random effects (15), a +0 robe, a +0 club, a bread ration
     0 | D:1      | Reached XP level 1. HP: 14/14 MP: 5/5
     0 | D:1      | Identified the Tome of Weightlessness
     2 | D:1      | Learned a level 1 spell: Shock
     4 | D:1      | Learned a level 1 spell: Apportation
   877 | D:1      | Reached XP level 2. HP: 17/20 MP: 5/7
  1228 | D:2      | Reached skill level 1 in Conjurations
  1295 | D:2      | Reached skill level 3 in Translocations
  1303 | D:2      | Learned a level 2 spell: Blink
  1414 | D:2      | Reached skill level 1 in Air Magic
  1479 | D:2      | Reached XP level 3. HP: 26/26 MP: 5/8
  2436 | D:3      | Noticed DeadSlay's ghost (average GrNe)
  2466 | D:3      | Reached XP level 4. HP: 21/33 MP: 5/10
  3097 | D:3      | Found a burning altar of Makhleb.
  3132 | D:3      | Found a shadowy altar of Dithmenos.
  3135 | D:3      | Found an iron altar of Okawaru.
  3144 | D:3      | Found a shattered altar of Ashenzari.
  3147 | D:3      | Found a snail-covered altar of Cheibriados.
  3156 | D:3      | Found a sacrificial altar of Ru.
  4074 | D:4      | Reached skill level 1 in Polearms
  4074 | D:4      | Reached XP level 5. HP: 36/38 MP: 9/11
  4411 | D:5      | Entered Level 5 of the Dungeon
  4826 | D:5      | Reached XP level 6. HP: 42/45 MP: 13/13
  4858 | D:5      | Found a staircase to the Ecumenical Temple.
  4906 | D:5      | Found Nicw's Needful Niceties.
  5005 | D:5      | Noticed a water moccasin
  5027 | D:5      | Killed a water moccasin
  5306 | D:5      | Noticed a phantom
  5433 | D:5      | Killed a phantom
  5433 | D:5      | Reached skill level 4 in Polearms
  5433 | D:5      | Reached XP level 7. HP: 17/50 MP: 3/14
  6609 | D:5      | Reached skill level 5 in Polearms
  6652 | D:6      | Slain by an orc warrior

Dungeon Overview and Level Annotations

Branches:
Dungeon (6/15)             Temple (0/1) D:5

Shops:
D:5 *

Annotations:
D:3 DeadSlay's ghost, average GrNe


Message History

The orc warrior is severely wounded.
The orc warrior barely misses you.
You see here a potion of degeneration.
Drink which item? (? for menu, Esc to quit)
You feel agile all of a sudden. The orc warrior barely misses you.
You hit the orc warrior but do no damage.
The orc warrior is poisoned.
The orc warrior is heavily wounded.
The orc warrior barely misses you.
You closely miss the orc warrior.
The orc warrior is heavily wounded.
All of the chunks of flesh in your inventory have rotted away.
You closely miss the orc warrior.
The orc warrior is heavily wounded.
The orc warrior closely misses you.
You closely miss the orc warrior.
The orc warrior is heavily wounded.
The orc warrior closely misses you.
Casting: Shock
Confirm with . or Enter, or press ? or * to list all spells.
Aiming: Shock
Press: ? - help, Shift-Dir - straight line, f - orc
Aim: an orc, wielding a dagger The zap hits the orc warrior.
The orc warrior is almost dead.
The zap hits the orc.
You kill the orc!
The orc warrior hits you with a long sword.
The orc warrior hits you with a long sword!
The orc warrior looks more healthy.
Casting: Shock
Confirm with . or Enter, or press ? or * to list all spells.
Aiming: Shock
Press: ? - help, Shift-Dir - straight line The zap hits the orc warrior.
The orc warrior appears unharmed.
The orc warrior is almost dead.
The zap misses the orc warrior.
The orc warrior hits you with a long sword!
You die...

You could see an orc warrior.

Vanquished Creatures
  A water moccasin (D:5)
  A phantom (D:5)
  A giant frog (D:6)
  A scorpion (D:5)
  A water moccasin skeleton (D:5)
  2 crimson imps (D:5)
  5 wights (D:5)
  2 hounds (D:5)
  An iguana (D:5)
  An orc wizard (D:6)
  3 worker ants
  8 adders
  2 worms (D:2)
  An adder skeleton (D:4)
  4 giant geckos
  14 orcs
  9 bats
  11 goblins
  8 hobgoblins
  2 oozes
  A giant cockroach (D:5)
  5 giant newts
  4 jackals
  4 kobolds
  A quokka (D:3)
  9 rats
102 creatures vanquished.

Action                   |  1- 3 |  4- 6 |  7- 9 || total
-------------------------+-------+-------+-------++-------
Melee: Club              |    11 |       |       ||    11
       Short sword       |     4 |    10 |       ||    14
       Trident           |       |    63 |    18 ||    81
       Rapier            |       |     5 |       ||     5
 Cast: Shock             |    87 |    75 |    63 ||   225
  Use: Scroll            |     4 |     7 |     1 ||    12
       Potion            |       |     3 |     1 ||     4
 Stab: Sleeping          |     1 |     1 |       ||     2
  Eat: Chunk             |     6 |     3 |       ||     9
       Meat ration       |       |     1 |     1 ||     2

Vault maps used:
D:1:      sevenhm_arrival_forest_fort_large_2
D:3:      minmay_overflow_temple_hex, first_bread
D:4:      hangedman_decor_clover_reticule, grunt_decor_fettered
D:5:      minmay_temple_entry_fiery, hangedman_decor_diamond_cutter,
          nicolae_alphabet_shops
D:6:      kiku_gazebo_pond_becter,
          nicolae_gozag_cash_rules_everything_around_me, uniq_prince_ribbit1,
          uniq_menkaure
